 Dungeon Sprint DCSS version 0.17-a0-1468-gbf503c2 (webtiles) character file.

525 pulse the Carver (level 7, 0/62 HPs)
             Began as a Formicid Berserker on July 1, 2015.
             Was an Elder of Trog.
             Slain by a ten-headed hydra (5 damage)
             ... in the Dungeon (Sprint IX: "|||||||||||||||||||||||||||||").
             The game lasted 00:02:15 (521 turns).

pulse the Carver (Formicid Berserker)                Turns: 521, Time: 00:02:16

Health: 0/62       AC: 10    Str: 30    XL:     7   Next: 47%
Magic:  7/7        EV: 10    Int:  6    God:    Trog [****..]
Gold:   0          SH:  0    Dex: 10    Spells: 0 memorised, 6 levels left

rFire  . . .     SeeInvis +     m - +2 scimitar (holy)
rCold  . . .     Clarity  .     a - +1 chain mail
rNeg   . . .     SustAt   .     (no shield)
rPois  .         Gourm    .     (helmet unavailable)
rElec  .         Spirit   .     (no cloak)
rCorr  .         Warding  .     (no gloves)
rMut   .         Stasis   +     (no boots)
MR     .....                    (no amulet)
Stlth  ..........               n - +3 ring of strength
                                o - +3 ring of strength

@: very slightly contaminated, invisible (expiring), not resistant to hostile
enchantments, extremely unstealthy
A: permanent stasis, dig shafts and tunnels, four strong arms, antennae 3
a: Dig, Burn Spellbooks, Trog's Hand, Brothers in Arms, Renounce Religion


You were in the Dungeon.
You worshipped Trog.
Trog was greatly pleased with you.
You were not hungry.

You visited 1 branch

Inventory:

Hand weapons
 m - a +2 scimitar of holy wrath (weapon)
Armour
 a - a +1 chain mail (worn)
Jewellery
 n - a +3 ring of strength (right hand)
 o - a +3 ring of strength (left hand)
Magical devices
 l - a wand of draining (3)
Scrolls
 i - 2 scrolls of blinking
 k - 3 scrolls of remove curse
Potions
 d - 4 potions of curing
 f - a potion of haste
 g - 4 potions of magic
 h - a potion of berserk rage
Comestibles
 c - a bread ration


   Skills:
 - Level 8.2 Fighting
 * Level 12.2 Long Blades
 - Level 4.1 Armour
 - Level 4.0 Dodging
 + Level 2.3 Stealth
 + Level 1.0 Evocations


You had 6 spell levels left.
You didn't know any spells.

Dungeon Overview and Level Annotations

Branches:
Dungeon (1/1)

Altars:
Cheibriados
Dithmenos
Elyvilon
Fedhas
Gozag
Kikubaaqudgha
Makhleb
Nemelex Xobeh
Okawaru
Qazlal
Ru
Sif Muna
Trog
Vehumet
Xom
Yredelemnul
Zin
The Shining One
Beogh
Jiyva
Lugonu


Innate Abilities, Weirdness & Mutations

You are under a permanent stasis effect.
You can dig through walls and to a lower floor.
Your four strong arms can wield two-handed weapons with a shield.
You have a pair of large antennae on your head (SInv).


Message History

The eight-headed hydra closely misses you.
The eight-headed hydra misses you. x2
The eight-headed hydra closely misses you.
The eight-headed hydra bites you.
* * * LOW HITPOINT WARNING * * *
The eight-headed hydra bites you.
* * * LOW HITPOINT WARNING * * *
The eight-headed hydra bites you but does no damage.
You chop one of the eight-headed hydra's heads off!
The seven-headed hydra grows two more!
You hit the nine-headed hydra.
The nine-headed hydra is moderately wounded.
The shadow imp shouts, "Slither hence, thou frothy knotty-pated maggot-pie!"
Unknown command.
You slice one of the nine-headed hydra's heads off!
The eight-headed hydra grows two more!
You slash the ten-headed hydra!
The ten-headed hydra is moderately wounded.
The ten-headed hydra bites you!
* * * LOW HITPOINT WARNING * * *
The ten-headed hydra barely misses you. The ten-headed hydra bites you.
You die... ▓▓▓▓▓▓▓▓▓▓▓▓▓▓▓▓▓▓▓▓▓▓▓▓▓▓▓▓▓▓ ______'.?|([[..[@DWC5Fl'.F..l. ▓▓▓▓▓▓▓▓▓▓▓▓▓▓▓▓▓▓▓▓▓▓▓▓▓▓▓▓▓▓ {{{{{{{{ {{{{{{{{ {

You could see a ten-headed hydra, a hill giant, a hungry ghost, a wyvern, a giant frog and a shadow imp.

Vanquished Creatures
  A hippogriff (D)
  An orc warrior (D)
  A necrophage (D)
  An ogre (D)
  A centaur (D)
  A wight (D)
  An ooze (D)
  2 orcs (D)
  2 bats (D)
  A giant cockroach (D)
  A goblin (D)
  A giant cockroach zombie (D)
  A kobold (D)
  A rat (D)
16 creatures vanquished.

Notes
Turn   | Place    | Note
--------------------------------------------------------------
     0 | D        | pulse the Formicid Berserker began the quest for the Orb.
     0 | D        | Reached XP level 1. HP: 18/18 MP: 1/1
    10 | D        | Acquired Trog's second power
    16 | D        | Reached skill level 4 in Fighting
    62 | D        | Noticed an ogre
    67 | D        | Killed an ogre
    67 | D        | Reached skill level 6 in Fighting
    67 | D        | Reached XP level 2. HP: 13/29 MP: 2/2
    67 | D        | Reached XP level 3. HP: 15/35 MP: 3/3
    67 | D        | Reached XP level 4. HP: 17/41 MP: 4/4
    75 | D        | Acquired Trog's third power
   261 | D        | Found a glowing silver altar of Zin.
   261 | D        | Found a glowing golden altar of the Shining One.
   261 | D        | Found an ancient bone altar of Kikubaaqudgha.
   261 | D        | Found a basalt altar of Yredelemnul.
   261 | D        | Found a shimmering altar of Xom.
   261 | D        | Found a radiant altar of Vehumet.
   262 | D        | Found an iron altar of Okawaru.
   263 | D        | Found a burning altar of Makhleb.
   264 | D        | Found a deep blue altar of Sif Muna.
   265 | D        | Found a bloodstained altar of Trog.
   266 | D        | Found a sparkling altar of Nemelex Xobeh.
   268 | D        | Found a white marble altar of Elyvilon.
   269 | D        | Found a roughly hewn altar of Beogh.
   270 | D        | Found a viscous altar of Jiyva.
   271 | D        | Found a corrupted altar of Lugonu.
   272 | D        | Found a blossoming altar of Fedhas.
   273 | D        | Found a snail-covered altar of Cheibriados.
   274 | D        | Found a shadowy altar of Dithmenos.
   313 | D        | Found a stormy altar of Qazlal.
   314 | D        | Found an opulent altar of Gozag.
   315 | D        | Found a sacrificial altar of Ru.
   356 | D        | Noticed a necrophage
   356 | D        | Noticed an orc warrior
   356 | D        | Noticed a hippogriff
   356 | D        | Noticed a centaur
   356 | D        | Noticed a wight
   358 | D        | Killed a necrophage
   358 | D        | Reached skill level 8 in Fighting
   358 | D        | Reached skill level 1 in Stealth
   358 | D        | Reached XP level 5. HP: 45/49 MP: 5/5
   361 | D        | Killed an orc warrior
   361 | D        | Reached skill level 9 in Long Blades
   361 | D        | Reached XP level 6. HP: 21/56 MP: 6/6
   369 | D        | Killed a hippogriff
   369 | D        | Reached skill level 11 in Long Blades
   369 | D        | Reached skill level 1 in Evocations
   369 | D        | Reached XP level 7. HP: 38/62 MP: 7/7
   371 | D        | Killed a centaur
   375 | D        | Killed a wight
   375 | D        | Reached skill level 12 in Long Blades
   504 | D        | Noticed a six-headed hydra
   504 | D        | Noticed a hungry ghost
   504 | D        | Noticed a hill giant
   504 | D        | Noticed a giant frog
   504 | D        | Noticed a wyvern
   521 | D        | Slain by a ten-headed hydra

Vault maps used:
D:        linesprint

Action                   |  1- 3 |  4- 6 |  7- 9 || total
-------------------------+-------+-------+-------++-------
Melee: Falchion          |    16 |    10 |       ||    26
       Scimitar          |       |    11 |     9 ||    20
Evoke: Wand              |       |     1 |     3 ||     4
  Use: Potion            |       |     1 |     4 ||     5
